Staline vs Little Stars
Created - November 6, 2018 at 19:15
Goals
|
Staline |
2 |
1 |
3 |
6 |
Little Stars |
1 |
1 |
3 |
5 |
|
Shots
|
Staline |
5 |
12 |
22 |
39 |
Little Stars |
11 |
16 |
11 |
38 |
|
1st period
1. Little Stars , Daniel O'regan 1 (Michael Mersch 2) at 7:12
2. Staline , Tyler Pitlick 5 (Corey Trivino 5, Bryan Bickell 6) at 15:34
3. Staline , Corey Trivino 4 (Viktor Loov 3) at 16:40 (PP)
Penalties :
Bryan Bickell (StJ) for Tripping (Minor) at 9:09, Dana Tyrell (Tex) for Holding (Minor) at 15:37, Jordan Szwarz (StJ) for Hooking (Minor) at 17:27
2nd period
4. Staline , Cameron Gaunce 4 (Philip Larsen 3, Marek Zagrapan 4) at 1:31
5. Little Stars , Zach Budish 4 (Jesse Joensuu 5, Dana Tyrell 8) at 1:52
Penalties :
Zach Budish (Tex) for Hooking (Minor) at 2:08, Viktor Loov (StJ) for Interference (Minor) at 8:04
3rd period
6. Little Stars , Scott Kosmachuck 3 (Tyler Wotherspoon 2) at 1:54
7. Staline , Nick Spaling 6 (Philip Larsen 4, Cameron Gaunce 4) at 5:05
8. Staline , Jason Akeson 9 (Nick Spaling 9, Philip Larsen 5) at 5:15
9. Little Stars , Cam Atkinson 14 (Brian Flynn 15, Shawn Matthias 6) at 8:44
10. Little Stars , Tyson Barrie 1 (Brian Flynn 16, Anthony Stolarz) at 9:16 (PP)
11. Staline , Jason Akeson 10 (Lars Eller 13) at 17:15 (PP)
Penalties :
Scott Kosmachuck (Tex) for Boarding (Minor) at 4:22, Lars Eller (StJ) for Hooking (Minor) at 4:39, Jason Akeson (StJ) for Holding (Minor) at 9:01, Philip Larsen (StJ) for Hooking (Minor) at 10:00, Tucker Poolman (Tex) for Hooking (Minor) at 14:01, Tucker Poolman (Tex) for Hooking (Minor) at 16:45, Andrey Pedan (StJ) for High sticking (Minor) at 19:13
Goalie Stats
Joni Ortio (StJ), 33 saves from 38 shots - (0.868), W, 6-0-0, 60:00 minutes
Anthony Stolarz (Tex), 16 saves from 17 shots - (0.941), L, 0-2-0, 13:47 minutes
Peter Delmas (Tex), 17 saves from 22 shots - (0.773), 45:15 minutes
Players Stats for Staline
Player Name G A P +/- PIM S H SB GA TA FO MP PP MP PK MP
------------------------------------------------------------------------------------
Alex Petrovic 0 0 0 -1 0 0 1 0 0 1 0/0 17:32 1:56 3:44
Andrey Pedan 0 0 0 -2 2 0 1 0 0 0 0/0 9:55 0:00 0:40
Barclay Goodrow 0 0 0 0 0 0 0 0 0 0 0/0 0:26 0:00 0:00
Bryan Bickell 0 1 1 -1 2 2 2 1 0 0 0/1 15:32 1:46 0:45
Cameron Gaunce 1 1 2 3 0 4 1 2 0 0 0/0 28:15 3:52 5:30
Charles Hudon 0 0 0 -1 0 1 0 0 0 0 0/0 6:34 0:00 0:10
Corey Trivino 1 1 2 -1 0 3 1 0 0 0 4/12 13:59 1:46 0:00
Danny Kristo 0 0 0 -1 0 1 3 0 1 0 1/1 5:31 0:00 0:00
David Musil 0 0 0 0 0 0 0 0 0 0 0/0 0:00 0:00 0:00
Jason Akeson 2 0 2 2 2 3 2 1 0 0 1/4 23:58 4:02 4:04
Jiri Sekac 0 0 0 0 0 2 1 0 0 0 0/0 10:46 0:00 0:56
Jordan Szwarz 0 0 0 0 2 2 2 0 0 0 0/0 9:51 0:00 0:00
Lars Eller 0 1 1 0 2 3 0 0 0 0 13/39 21:25 4:01 2:37
Marek Zagrapan 0 1 1 0 0 0 0 0 0 0 4/7 9:50 0:00 0:00
Mike Reilly 0 0 0 -2 0 0 0 2 0 0 0/0 11:09 0:00 1:53
Nick Spaling 1 1 2 2 0 6 1 0 1 0 4/10 24:21 4:02 4:26
Nikita Nesterov 0 0 0 0 0 0 0 0 0 0 0/0 4:57 0:00 0:00
Peter Holland 0 0 0 -1 0 3 0 0 0 0 1/4 6:49 0:00 0:25
Philip Larsen 0 3 3 3 2 5 0 3 0 1 0/0 26:59 3:52 4:08
Sergey Tolchinsky 0 0 0 0 0 1 0 0 0 0 1/2 0:19 0:00 0:17
Tobias Lindberg 0 0 0 0 0 0 0 0 0 0 0/1 2:15 0:00 2:11
Tyler Lewington 0 0 0 0 0 0 1 0 0 0 0/0 4:57 0:00 0:00
Tyler Pitlick 1 0 1 -1 0 3 0 2 0 0 0/0 17:10 1:46 2:37
Viktor Loov 0 1 1 -1 2 0 2 1 0 0 0/0 16:27 1:56 2:33
Players Stats for Little Stars
Player Name G A P +/- PIM S H SB GA TA FO MP PP MP PK MP
------------------------------------------------------------------------------------
Alexander Vasyunov 0 0 0 0 0 2 0 1 0 0 0/0 9:41 0:00 0:00
Brian Flynn 0 2 2 1 0 5 0 2 0 0 20/29 22:25 4:12 1:20
Cam Atkinson 1 0 1 -1 0 8 3 2 0 0 1/2 26:15 4:12 3:58
Dana Tyrell 0 1 1 1 2 3 3 0 0 0 12/21 16:54 4:34 1:07
Daniel O'regan 1 0 1 0 0 2 1 0 0 0 1/1 5:42 0:00 0:08
Emile Poirier 0 0 0 0 0 0 0 0 0 0 0/0 0:48 0:28 0:00
Jason Dickinson 0 0 0 0 0 0 0 0 0 0 0/0 0:29 0:28 0:00
Jesse Joensuu 0 1 1 1 0 4 0 0 2 0 0/1 15:28 4:34 0:00
Jordie Benn 0 0 0 1 0 0 3 6 0 0 0/0 21:52 3:45 1:53
Justin Auger 0 0 0 0 0 0 2 0 0 0 0/0 6:00 0:26 0:00
Mathieu Perreault 0 0 0 0 0 4 0 0 0 0 4/7 10:31 0:00 0:46
Michael Mersch 0 1 1 0 0 0 0 0 0 0 0/0 5:47 0:00 0:13
Phil Oreskovic 0 0 0 0 0 1 1 0 0 1 0/0 15:02 3:19 1:42
Reece Willcox 0 0 0 1 0 0 1 0 0 0 0/0 11:11 0:06 2:13
Scott Kosmachuck 1 0 1 0 2 1 1 0 0 0 0/1 9:42 0:02 0:00
Shawn Matthias 0 1 1 -1 0 2 1 1 0 0 13/18 26:44 4:12 4:04
Tucker Poolman 0 0 0 -1 4 0 2 0 0 0 0/0 19:28 2:04 0:00
Tyler Wotherspoon 0 1 1 1 0 1 0 1 0 0 0/0 21:31 3:45 1:53
Tyson Barrie 1 0 1 -2 0 4 1 1 0 1 0/0 31:05 5:29 3:55
Zach Budish 1 0 1 1 2 1 3 0 0 0 1/1 15:50 4:34 0:00
3 Stars
1 - Cameron Gaunce (StJ)
2 - Jason Akeson (StJ)
3 - Nick Spaling (StJ)
Power Play
Staline - 2 on 5 Attempt(s) - 40.00%
Little Stars - 1 on 7 Attempt(s) - 14.29%
Penalty Kill
Staline - 6 on 7 Attempt(s) - 85.71%
- Score 0 goal in Penalty Kill
Little Stars - 3 on 5 Attempt(s) - 60.00%
- Score 0 goal in Penalty Kill
Team Stat
Staline - Hits : 18 - Faceoff Wins : 29 - Blocked Shots : 12 - Penalty Minutes : 14
Little Stars - Hits : 22 - Faceoff Wins : 52 - Blocked Shots : 14 - Penalty Minutes : 10
Official
Referees : Unknown
Linesman : Unknown
Game Notes
Phil Oreskovic is injured at 10:17 of 2nd period (Strained Left Elbow)
Anthony Stolarz enters game at 5:15 of 3rd period
14:42 of 3rd period - Staline goal is going for a video replay. After video review, No Goal. The net was displaced accidentally.
Finance
Level 1 -- Attendance: 1487 (74.35%) -- Ticket Income $59,480
Level 2 -- Attendance: 677 (67.70%) -- Ticket Income $13,540
Total Attendance: 2164 (72.13%)
Total Ticket Income: $73,020
Other Income: $3,651
Total Income: $76,671
Staline
5 vs 5 Forward
Center Left Wing Right Wing Time % Phy DF OF
1 Lars Eller Nick Spaling Jason Akeson 40 1 2 2
2 Corey Trivino Bryan Bickell Tyler Pitlick 30 1 2 2
3 Marek Zagrapan Jiri Sekac Jordan Szwarz 20 1 2 2
4 Peter Holland Charles Hudon Danny Kristo 10 1 2 2
5 vs 5 Defense
Defense Defense Time % Phy DF OF
1 Cameron Gaunce Philip Larsen 40 1 2 2
2 Alex Petrovic Viktor Loov 30 1 2 2
3 Mike Reilly Andrey Pedan 20 1 2 2
4 Nikita Nesterov Tyler Lewington 10 1 2 2
PowerPlay Forward
Center Left Wing Right Wing Time % Phy DF OF
1 Lars Eller Nick Spaling Jason Akeson 60 1 2 2
2 Corey Trivino Bryan Bickell Tyler Pitlick 40 1 2 2
PowerPlay Defense
Defense Defense Time % Phy DF OF
1 Cameron Gaunce Philip Larsen 60 1 2 2
2 Alex Petrovic Viktor Loov 40 1 2 2
Penalty Kill 4 Players Forward
Center Wing Time % Phy DF OF
1 Nick Spaling Jason Akeson 60 1 2 2
2 Lars Eller Tyler Pitlick 40 1 2 2
Penalty Kill 4 Players Defense
Defense Defense Time % Phy DF OF
1 Cameron Gaunce Philip Larsen 60 1 2 2
2 Alex Petrovic Viktor Loov 40 1 2 2
Penalty Kill - 3 Players Forward
Forward Time % Phy DF OF
1 Nick Spaling 60 1 2 2
2 Jason Akeson 40 1 2 2
Penalty Kill - 3 Players Defense
Defense Defense Time % Phy DF OF
1 Cameron Gaunce Philip Larsen 60 1 2 2
2 Alex Petrovic Viktor Loov 40 1 2 2
4 vs 4 Forward
Center Wing Time % Phy DF OF
1 Nick Spaling Jason Akeson 60 1 2 2
2 Lars Eller Tyler Pitlick 40 1 2 2
4 vs 4 Defense
Defense Defense Time % Phy DF OF
1 Cameron Gaunce Philip Larsen 60 1 2 2
2 Alex Petrovic Viktor Loov 40 1 2 2
Last Minutes Offensive
Center Left Wing Right Wing Defense Defense
Lars Eller Nick Spaling Jason Akeson Cameron Gaunce Philip Larsen
Last Minutes Defensive
Center Left Wing Right Wing Defense Defense
Lars Eller Nick Spaling Jason Akeson Cameron Gaunce Philip Larsen
Goaltenders
Starting : Joni Ortio
Backup : Andrew Hammond
Extra Forwards
Normal : Barclay Goodrow, Sergey Tolchinsky, Tobias Lindberg - PP : Barclay Goodrow, Sergey Tolchinsky - PK : Tobias Lindberg
Extra Defensemen
Normal : David Musil, Mike Reilly, Andrey Pedan - PP : David Musil - PK : Mike Reilly, Andrey Pedan
Penalty Shots
Nick Spaling, Jason Akeson, Lars Eller, Tyler Pitlick, Jordan Szwarz
Scratches
Darcy Kuemper (Healthy)
Little Stars
5 vs 5 Forward
Center Left Wing Right Wing Time % Phy DF OF
1 Brian Flynn Shawn Matthias Cam Atkinson 40 1 2 2
2 Dana Tyrell Jesse Joensuu Zach Budish 30 1 2 2
3 Mathieu Perreault Alexander Vasyunov Scott Kosmachuck 20 1 2 2
4 Daniel O'regan Michael Mersch Justin Auger 10 1 2 2
5 vs 5 Defense
Defense Defense Time % Phy DF OF
1 Phil Oreskovic Tyson Barrie 40 1 2 2
2 Jordie Benn Tyler Wotherspoon 30 1 2 2
3 Tucker Poolman Reece Willcox 20 1 2 2
4 Phil Oreskovic Tyson Barrie 10 1 2 2
PowerPlay Forward
Center Left Wing Right Wing Time % Phy DF OF
1 Brian Flynn Shawn Matthias Cam Atkinson 60 1 2 2
2 Dana Tyrell Jesse Joensuu Zach Budish 40 1 2 2
PowerPlay Defense
Defense Defense Time % Phy DF OF
1 Phil Oreskovic Tyson Barrie 60 1 2 2
2 Jordie Benn Tyler Wotherspoon 40 1 2 2
Penalty Kill 4 Players Forward
Center Wing Time % Phy DF OF
1 Shawn Matthias Cam Atkinson 60 1 2 2
2 Brian Flynn Dana Tyrell 40 1 2 2
Penalty Kill 4 Players Defense
Defense Defense Time % Phy DF OF
1 Phil Oreskovic Tyson Barrie 60 1 2 2
2 Jordie Benn Tyler Wotherspoon 40 1 2 2
Penalty Kill - 3 Players Forward
Forward Time % Phy DF OF
1 Shawn Matthias 60 1 2 2
2 Cam Atkinson 40 1 2 2
Penalty Kill - 3 Players Defense
Defense Defense Time % Phy DF OF
1 Phil Oreskovic Tyson Barrie 60 1 2 2
2 Jordie Benn Tyler Wotherspoon 40 1 2 2
4 vs 4 Forward
Center Wing Time % Phy DF OF
1 Shawn Matthias Cam Atkinson 60 1 2 2
2 Brian Flynn Dana Tyrell 40 1 2 2
4 vs 4 Defense
Defense Defense Time % Phy DF OF
1 Phil Oreskovic Tyson Barrie 60 1 2 2
2 Jordie Benn Tyler Wotherspoon 40 1 2 2
Last Minutes Offensive
Center Left Wing Right Wing Defense Defense
Brian Flynn Shawn Matthias Cam Atkinson Phil Oreskovic Tyson Barrie
Last Minutes Defensive
Center Left Wing Right Wing Defense Defense
Brian Flynn Shawn Matthias Cam Atkinson Phil Oreskovic Tyson Barrie
Goaltenders
Starting : Peter Delmas
Backup : Anthony Stolarz
Extra Forwards
Normal : Emile Poirier, Jason Dickinson, Mathieu Perreault - PP : Emile Poirier, Jason Dickinson - PK : Mathieu Perreault
Extra Defensemen
Normal : Tucker Poolman, Reece Willcox, Jordie Benn - PP : Tucker Poolman - PK : Reece Willcox, Jordie Benn
Penalty Shots
Shawn Matthias, Cam Atkinson, Brian Flynn, Dana Tyrell, Jesse Joensuu
Scratches
Ville Pokka (Healthy), Andrej Sustr (Fractured Bone in Left Hand Injury), Spencer Martin (Healthy)
% Time on Ice - Staline
Lines # - Real PCT - Wanted PCT - Time Play
Normal Forward
1 - 35% - 40% - 15:02
2 - 29% - 30% - 12:27
3 - 23% - 20% - 9:50
4 - 13% - 10% - 5:31
Normal Defense
1 - 41% - 40% - 17:21
2 - 27% - 30% - 11:42
3 - 21% - 20% - 8:50
4 - 12% - 10% - 4:57
PP Forward
1 - 70% - 60% - 4:02
2 - 30% - 40% - 1:46
PP Defense
1 - 67% - 60% - 3:52
2 - 33% - 40% - 1:56
PK Forward
1 - 72% - 60% - 6:37
2 - 28% - 40% - 2:37
PK Defense
1 - 60% - 60% - 5:30
2 - 40% - 40% - 3:44
PK3 Forward
1 - 0% - 60%
2 - 0% - 40%
PK3 Defense
1 - 0% - 60%
2 - 0% - 40%
44 Forward
1 - 80% - 60% - 1:22
2 - 20% - 40% - 0:20
44 Defense
1 - 90% - 60% - 1:32
2 - 10% - 40% - 0:10
Last Minute Offensive - 0:00
Last Minute Defensive - 0:26
Total
Forward - 60:00
Defense - 60:00
|
% Time on Ice - Little Stars
Lines # - Real PCT - Wanted PCT - Time Play
Normal Forward
1 - 39% - 40% - 16:38
2 - 25% - 30% - 10:54
3 - 23% - 20% - 9:41
4 - 13% - 10% - 5:34
Normal Defense
1 - 44% - 40% - 19:01
2 - 36% - 30% - 15:20
3 - 16% - 20% - 7:03
4 - 3% - 10% - 1:23
PP Forward
1 - 51% - 60% - 4:40
2 - 49% - 40% - 4:34
PP Defense
1 - 59% - 60% - 5:29
2 - 41% - 40% - 3:45
PK Forward
1 - 77% - 60% - 4:28
2 - 23% - 40% - 1:20
PK Defense
1 - 68% - 60% - 3:55
2 - 32% - 40% - 1:53
PK3 Forward
1 - 0% - 60%
2 - 0% - 40%
PK3 Defense
1 - 0% - 60%
2 - 0% - 40%
44 Forward
1 - 80% - 60% - 1:22
2 - 20% - 40% - 0:20
44 Defense
1 - 68% - 60% - 1:09
2 - 32% - 40% - 0:33
Last Minute Offensive - 0:29
Last Minute Defensive - 0:00
Total
Forward - 60:00
Defense - 60:00
|
Play by Play
1st period
0:01 of 1st period - Brian Flynn wins face-off versus Lars Eller in neutral zone.
0:04 of 1st period - Slapshot by Tyson Barrie.
0:04 of 1st period - Shot Blocked by Philip Larsen.
0:06 of 1st period - Snap shot by Cam Atkinson.
0:06 of 1st period - Stopped by Joni Ortio without a rebound.
0:07 of 1st period - Lars Eller wins face-off versus Brian Flynn in Staline zone.
1:05 of 1st period - Off-side.
1:06 of 1st period - Corey Trivino wins face-off versus Dana Tyrell in neutral zone.
1:32 of 1st period - Snap shot by Jordan Szwarz.
1:32 of 1st period - Shot Misses the Net.
1:38 of 1st period - Snap shot by Mathieu Perreault.
1:38 of 1st period - Stopped by Joni Ortio with a rebound.
1:40 of 1st period - Wrist shot by Alexander Vasyunov.
1:40 of 1st period - Shot Blocked by Mike Reilly.
1:56 of 1st period - Tucker Poolman is hit by Danny Kristo and loses puck.
3:00 of 1st period - Backhand shot by Shawn Matthias.
3:00 of 1st period - Stopped by Joni Ortio without a rebound.
3:01 of 1st period - Danny Kristo wins face-off versus Brian Flynn in Staline zone.
3:08 of 1st period - Jordie Benn is hit by Danny Kristo and loses puck.
3:26 of 1st period - Jordie Benn is hit by Corey Trivino.
3:27 of 1st period - Icing by Jordie Benn.
3:28 of 1st period - Dana Tyrell wins face-off versus Corey Trivino in Little Stars zone.
4:04 of 1st period - Wrist shot by Jesse Joensuu.
4:04 of 1st period - Shot Blocked by Cameron Gaunce.
4:06 of 1st period - Slapshot by Jordie Benn.
4:06 of 1st period - Deflect By Jesse Joensuu.
4:06 of 1st period - Shot Misses the Net.
4:06 of 1st period - Puck is out of play.
4:07 of 1st period - Mathieu Perreault wins face-off versus Jason Akeson in Staline zone.
4:12 of 1st period - Snap shot by Mathieu Perreault.
4:12 of 1st period - Stopped by Joni Ortio with a rebound.
4:14 of 1st period - Slapshot by Phil Oreskovic.
4:14 of 1st period - Deflect By Alexander Vasyunov.
4:14 of 1st period - Stopped by Joni Ortio without a rebound.
4:15 of 1st period - Mathieu Perreault wins face-off versus Lars Eller in Staline zone.
4:37 of 1st period - Snap shot by Tyson Barrie.
4:37 of 1st period - Shot Misses the Net.
4:39 of 1st period - Slapshot by Phil Oreskovic.
4:39 of 1st period - Shot Misses the Net.
4:41 of 1st period - Snap shot by Mathieu Perreault.
4:41 of 1st period - Deflect By Alexander Vasyunov.
4:41 of 1st period - Stopped by Joni Ortio without a rebound.
4:42 of 1st period - Brian Flynn wins face-off versus Marek Zagrapan in Staline zone.
5:12 of 1st period - Snap shot by Tyson Barrie.
5:12 of 1st period - Deflect By Michael Mersch.
5:12 of 1st period - Shot Blocked by Tyler Pitlick.
5:12 of 1st period - Puck is out of play.
5:13 of 1st period - Lars Eller wins face-off versus Dana Tyrell in Staline zone.
5:38 of 1st period - Phil Oreskovic is hit by Jordan Szwarz and loses puck.
6:03 of 1st period - Slapshot by Bryan Bickell.
6:03 of 1st period - Stopped by Peter Delmas without a rebound.
6:04 of 1st period - Brian Flynn wins face-off versus Lars Eller in Little Stars zone.
6:31 of 1st period - Jiri Sekac is hit by Phil Oreskovic and loses puck.
6:57 of 1st period - Mike Reilly is hit by Scott Kosmachuck and loses puck.
7:12 of 1st period - Backhand shot by Daniel O'regan.
7:12 of 1st period - Goal by Daniel O'regan - Staline : 0 - Little Stars : 1.
7:13 of 1st period - Brian Flynn wins face-off versus Lars Eller in neutral zone.
7:20 of 1st period - Snap shot by Shawn Matthias.
7:20 of 1st period - Deflect By Brian Flynn.
7:20 of 1st period - Shot Misses the Net.
7:20 of 1st period - Puck is out of play.
7:21 of 1st period - Lars Eller wins face-off versus Brian Flynn in Staline zone.
7:21 of 1st period - Lars Eller is hit by Shawn Matthias.
8:43 of 1st period - Slapshot by Shawn Matthias.
8:43 of 1st period - Shot Misses the Net.
8:45 of 1st period - Slapshot by Phil Oreskovic.
8:45 of 1st period - Shot Misses the Net.
8:47 of 1st period - Snap shot by Cam Atkinson.
8:47 of 1st period - Stopped by Joni Ortio without a rebound.
8:48 of 1st period - Dana Tyrell wins face-off versus Corey Trivino in Staline zone.
9:09 of 1st period - Minor Penalty to Bryan Bickell for Tripping.
9:10 of 1st period - Dana Tyrell wins face-off versus Tobias Lindberg in Staline zone.
9:19 of 1st period - Snap shot by Jesse Joensuu.
9:19 of 1st period - Stopped by Joni Ortio with a rebound.
9:21 of 1st period - Slapshot by Tyler Wotherspoon.
9:21 of 1st period - Stopped by Joni Ortio with a rebound.
9:23 of 1st period - Snap shot by Dana Tyrell.
9:23 of 1st period - Shot Misses the Net.
10:19 of 1st period - Philip Larsen is hit by Justin Auger and loses puck.
11:07 of 1st period - Tyson Barrie is hit by Viktor Loov and loses puck.
11:09 of 1st period - Penalty to Bryan Bickell is over, Bryan Bickell is back on ice.
11:56 of 1st period - Viktor Loov is hit by Jordie Benn and loses puck.
12:58 of 1st period - Tyler Pitlick is hit by Tucker Poolman and loses puck.
13:21 of 1st period - Icing by Michael Mersch.
13:22 of 1st period - Lars Eller wins face-off versus Scott Kosmachuck in Little Stars zone.
13:23 of 1st period - Snap shot by Jason Akeson.
13:23 of 1st period - Shot Misses the Net.
13:33 of 1st period - Snap shot by Nick Spaling.
13:33 of 1st period - Shot Misses the Net.
13:45 of 1st period - Snap shot by Jiri Sekac.
13:45 of 1st period - Stopped by Peter Delmas with a rebound.
14:07 of 1st period - Tyler Wotherspoon is hit by Andrey Pedan and loses puck.
15:14 of 1st period - Wrist shot by Brian Flynn.
15:14 of 1st period - Shot Blocked by Philip Larsen.
15:16 of 1st period - Slapshot by Jordie Benn.
15:16 of 1st period - Deflect By Brian Flynn.
15:16 of 1st period - Stopped by Joni Ortio with a rebound.
15:34 of 1st period - Wrist shot by Tyler Pitlick.
15:34 of 1st period - Goal by Tyler Pitlick - Staline : 1 - Little Stars : 1.
15:35 of 1st period - Dana Tyrell wins face-off versus Bryan Bickell in neutral zone.
15:37 of 1st period - Minor Penalty to Dana Tyrell for Holding.
15:38 of 1st period - Shawn Matthias wins face-off versus Lars Eller in Little Stars zone.
15:38 of 1st period - Shawn Matthias is hit by Jason Akeson.
16:03 of 1st period - Shawn Matthias is hit by Bryan Bickell and loses puck.
16:14 of 1st period - Snap shot by Corey Trivino.
16:14 of 1st period - Deflect By Bryan Bickell.
16:14 of 1st period - Stopped by Peter Delmas without a rebound.
16:15 of 1st period - Shawn Matthias wins face-off versus Lars Eller in Little Stars zone.
16:40 of 1st period - Wrist shot by Corey Trivino.
16:40 of 1st period - Goal by Corey Trivino - Staline : 2 - Little Stars : 1.
16:41 of 1st period - Dana Tyrell wins face-off versus Corey Trivino in neutral zone.
17:27 of 1st period - Minor Penalty to Jordan Szwarz for Hooking.
17:28 of 1st period - Nick Spaling wins face-off versus Cam Atkinson in Staline zone.
17:55 of 1st period - Tyler Pitlick is hit by Dana Tyrell and loses puck.
19:27 of 1st period - Penalty to Jordan Szwarz is over, Jordan Szwarz is back on ice.
Goals for this period are 2 for Staline vs 1 for Little Stars.
Shots for this period are 5 for Staline vs 11 for Little Stars.
2nd period
0:01 of 2nd period - Brian Flynn wins face-off versus Corey Trivino in neutral zone.
0:04 of 2nd period - Slapshot by Tyson Barrie.
0:04 of 2nd period - Stopped by Joni Ortio with a rebound.
0:06 of 2nd period - Snap shot by Brian Flynn.
0:06 of 2nd period - Stopped by Joni Ortio with a rebound.
0:08 of 2nd period - Snap shot by Cam Atkinson.
0:08 of 2nd period - Shot Misses the Net.
0:10 of 2nd period - Slapshot by Phil Oreskovic.
0:10 of 2nd period - Stopped by Joni Ortio with a rebound.
0:12 of 2nd period - Slapshot by Cam Atkinson.
0:12 of 2nd period - Stopped by Joni Ortio without a rebound.
0:13 of 2nd period - Brian Flynn wins face-off versus Lars Eller in Staline zone.
0:26 of 2nd period - Snap shot by Brian Flynn.
0:26 of 2nd period - Deflect By Shawn Matthias.
0:26 of 2nd period - Shot Blocked by Philip Larsen.
0:26 of 2nd period - Puck is out of play.
0:27 of 2nd period - Corey Trivino wins face-off versus Dana Tyrell in Staline zone.
0:33 of 2nd period - Off-side.
0:34 of 2nd period - Dana Tyrell wins face-off versus Corey Trivino in neutral zone.
1:27 of 2nd period - Slapshot by Marek Zagrapan.
1:27 of 2nd period - Shot Misses the Net.
1:29 of 2nd period - Snap shot by Philip Larsen.
1:29 of 2nd period - Stopped by Peter Delmas with a rebound.
1:31 of 2nd period - Slapshot by Cameron Gaunce.
1:31 of 2nd period - Goal by Cameron Gaunce - Staline : 3 - Little Stars : 1.
1:32 of 2nd period - Lars Eller wins face-off versus Brian Flynn in neutral zone.
1:44 of 2nd period - Slapshot by Cam Atkinson.
1:44 of 2nd period - Stopped by Joni Ortio without a rebound.
1:45 of 2nd period - Zach Budish wins face-off versus Corey Trivino in Staline zone.
1:46 of 2nd period - Slapshot by Jesse Joensuu.
1:46 of 2nd period - Shot Misses the Net.
1:50 of 2nd period - Snap shot by Jesse Joensuu.
1:50 of 2nd period - Stopped by Joni Ortio with a rebound.
1:52 of 2nd period - Snap shot by Zach Budish.
1:52 of 2nd period - Goal by Zach Budish - Staline : 3 - Little Stars : 2.
1:53 of 2nd period - Lars Eller wins face-off versus Dana Tyrell in neutral zone.
2:08 of 2nd period - Minor Penalty to Zach Budish for Hooking.
2:09 of 2nd period - Shawn Matthias wins face-off versus Lars Eller in Little Stars zone.
3:55 of 2nd period - Jason Akeson is hit by Cam Atkinson and loses puck.
4:08 of 2nd period - Penalty to Zach Budish is over, Zach Budish is back on ice.
4:36 of 2nd period - Tyler Wotherspoon is hit by Danny Kristo and loses puck.
5:01 of 2nd period - Slapshot by Alexander Vasyunov.
5:01 of 2nd period - Shot Blocked by Tyler Pitlick.
5:36 of 2nd period - Off-side.
5:37 of 2nd period - Peter Holland wins face-off versus Dana Tyrell in neutral zone.
5:39 of 2nd period - Off-side.
5:40 of 2nd period - Dana Tyrell wins face-off versus Peter Holland in neutral zone.
5:51 of 2nd period - Snap shot by Jesse Joensuu.
5:51 of 2nd period - Shot Misses the Net.
5:53 of 2nd period - Snap shot by Tyson Barrie.
5:53 of 2nd period - Deflect By Viktor Loov.
5:53 of 2nd period - Stopped by Joni Ortio without a rebound.
5:54 of 2nd period - Brian Flynn wins face-off versus Jason Akeson in Staline zone.
6:09 of 2nd period - Slapshot by Jason Akeson.
6:09 of 2nd period - Shot Misses the Net.
6:46 of 2nd period - Snap shot by Jordan Szwarz.
6:46 of 2nd period - Shot Misses the Net.
7:22 of 2nd period - Slapshot by Peter Holland.
7:22 of 2nd period - Stopped by Peter Delmas without a rebound.
7:23 of 2nd period - Brian Flynn wins face-off versus Peter Holland in Little Stars zone.
7:39 of 2nd period - Snap shot by Brian Flynn.
7:39 of 2nd period - Stopped by Joni Ortio with a rebound.
8:04 of 2nd period - Minor Penalty to Viktor Loov for Interference.
8:05 of 2nd period - Brian Flynn wins face-off versus Nick Spaling in Staline zone.
10:04 of 2nd period - Penalty to Viktor Loov is over, Viktor Loov is back on ice.
10:16 of 2nd period - Phil Oreskovic is hit by Jordan Szwarz and loses puck.
10:17 of 2nd period - Phil Oreskovic from Little Stars is injured at 10:17 of 2nd period (Strained Left Elbow).
10:18 of 2nd period - Shawn Matthias wins face-off versus Lars Eller in Little Stars zone.
10:27 of 2nd period - Slapshot by Tyson Barrie.
10:27 of 2nd period - Shot Misses the Net.
10:33 of 2nd period - Snap shot by Lars Eller.
10:33 of 2nd period - Deflect By Jason Akeson.
10:33 of 2nd period - Stopped by Peter Delmas with a rebound.
10:43 of 2nd period - Cameron Gaunce is hit by Zach Budish and loses puck.
11:04 of 2nd period - Wrist shot by Danny Kristo.
11:04 of 2nd period - Shot Blocked by Jordie Benn.
11:06 of 2nd period - Snap shot by Peter Holland.
11:06 of 2nd period - Shot Blocked by Jordie Benn.
11:08 of 2nd period - Wrist shot by Charles Hudon.
11:08 of 2nd period - Stopped by Peter Delmas with a rebound.
11:10 of 2nd period - Snap shot by Alex Petrovic.
11:10 of 2nd period - Shot Blocked by Jordie Benn.
11:12 of 2nd period - Slapshot by Alex Petrovic.
11:12 of 2nd period - Shot Misses the Net.
11:14 of 2nd period - Wrist shot by Peter Holland.
11:14 of 2nd period - Stopped by Peter Delmas without a rebound.
11:15 of 2nd period - Brian Flynn wins face-off versus Lars Eller in Little Stars zone.
11:15 of 2nd period - Brian Flynn is hit by Nick Spaling.
11:41 of 2nd period - Zach Budish is hit by Bryan Bickell and loses puck.
11:50 of 2nd period - Slapshot by Dana Tyrell.
11:50 of 2nd period - Stopped by Joni Ortio without a rebound.
11:51 of 2nd period - Lars Eller wins face-off versus Brian Flynn in Staline zone.
11:51 of 2nd period - Lars Eller is hit by Jordie Benn.
12:03 of 2nd period - Wrist shot by Lars Eller.
12:03 of 2nd period - Shot Blocked by Brian Flynn.
12:05 of 2nd period - Snap shot by Nick Spaling.
12:05 of 2nd period - Stopped by Peter Delmas without a rebound.
12:06 of 2nd period - Dana Tyrell wins face-off versus Corey Trivino in Little Stars zone.
12:19 of 2nd period - Wrist shot by Jesse Joensuu.
12:19 of 2nd period - Stopped by Joni Ortio with a rebound.
12:21 of 2nd period - Wrist shot by Jesse Joensuu.
12:21 of 2nd period - Shot Misses the Net.
12:47 of 2nd period - Cameron Gaunce is hit by Cam Atkinson and loses puck.
12:54 of 2nd period - Nick Spaling is hit by Jordie Benn and loses puck.
13:23 of 2nd period - Snap shot by Brian Flynn.
13:23 of 2nd period - Shot Blocked by Jason Akeson.
13:25 of 2nd period - Wrist shot by Brian Flynn.
13:25 of 2nd period - Stopped by Joni Ortio without a rebound.
13:26 of 2nd period - Dana Tyrell wins face-off versus Corey Trivino in Staline zone.
13:39 of 2nd period - Slapshot by Tyler Pitlick.
13:39 of 2nd period - Stopped by Peter Delmas with a rebound.
13:41 of 2nd period - Wrist shot by Corey Trivino.
13:41 of 2nd period - Stopped by Peter Delmas without a rebound.
13:42 of 2nd period - Marek Zagrapan wins face-off versus Mathieu Perreault in Little Stars zone.
14:37 of 2nd period - Slapshot by Tyler Wotherspoon.
14:37 of 2nd period - Deflect By Jesse Joensuu.
14:37 of 2nd period - Stopped by Joni Ortio with a rebound.
14:39 of 2nd period - Snap shot by Dana Tyrell.
14:39 of 2nd period - Stopped by Joni Ortio without a rebound.
14:40 of 2nd period - Lars Eller wins face-off versus Brian Flynn in Staline zone.
15:05 of 2nd period - Corey Trivino is hit by Dana Tyrell and loses puck.
15:30 of 2nd period - Slapshot by Jordan Szwarz.
15:30 of 2nd period - Shot Misses the Net.
15:32 of 2nd period - Slapshot by Jiri Sekac.
15:32 of 2nd period - Stopped by Peter Delmas with a rebound.
15:34 of 2nd period - Slapshot by Jiri Sekac.
15:34 of 2nd period - Shot Misses the Net.
15:54 of 2nd period - Wrist shot by Danny Kristo.
15:54 of 2nd period - Stopped by Peter Delmas without a rebound.
15:55 of 2nd period - Brian Flynn wins face-off versus Lars Eller in Little Stars zone.
16:04 of 2nd period - Shawn Matthias is hit by Tyler Lewington and loses puck.
16:21 of 2nd period - Corey Trivino is hit by Zach Budish and loses puck.
16:34 of 2nd period - Slapshot by Jesse Joensuu.
16:34 of 2nd period - Deflect By Tyler Pitlick.
16:34 of 2nd period - Shot Misses the Net.
16:34 of 2nd period - Puck is out of play.
16:35 of 2nd period - Mathieu Perreault wins face-off versus Lars Eller in Staline zone.
17:00 of 2nd period - Philip Larsen is hit by Tyson Barrie and loses puck.
17:23 of 2nd period - Dana Tyrell is hit by Jiri Sekac and loses puck.
17:30 of 2nd period - Wrist shot by Jordan Szwarz.
17:30 of 2nd period - Stopped by Peter Delmas with a rebound.
17:32 of 2nd period - Snap shot by Marek Zagrapan.
17:32 of 2nd period - Shot Hit the Post.
17:34 of 2nd period - Wrist shot by Jiri Sekac.
17:34 of 2nd period - Shot Misses the Net.
17:36 of 2nd period - Snap shot by Marek Zagrapan.
17:36 of 2nd period - Shot Misses the Net.
17:52 of 2nd period - Alex Petrovic is hit by Daniel O'regan.
17:58 of 2nd period - Wrist shot by Michael Mersch.
17:58 of 2nd period - Deflect By Daniel O'regan.
17:58 of 2nd period - Stopped by Joni Ortio with a rebound.
18:14 of 2nd period - Wrist shot by Brian Flynn.
18:14 of 2nd period - Stopped by Joni Ortio without a rebound.
18:15 of 2nd period - Corey Trivino wins face-off versus Shawn Matthias in Staline zone.
18:34 of 2nd period - Snap shot by Brian Flynn.
18:34 of 2nd period - Shot Blocked by Bryan Bickell.
18:36 of 2nd period - Slapshot by Tucker Poolman.
18:36 of 2nd period - Shot Misses the Net.
18:38 of 2nd period - Slapshot by Tucker Poolman.
18:38 of 2nd period - Shot Misses the Net.
18:40 of 2nd period - Snap shot by Shawn Matthias.
18:40 of 2nd period - Shot Misses the Net.
18:42 of 2nd period - Slapshot by Shawn Matthias.
18:42 of 2nd period - Shot Misses the Net.
18:44 of 2nd period - Snap shot by Cam Atkinson.
18:44 of 2nd period - Shot Blocked by Mike Reilly.
18:53 of 2nd period - Mike Reilly is hit by Reece Willcox and loses puck.
Goals for this period are 1 for Staline vs 1 for Little Stars.
Shots for this period are 12 for Staline vs 16 for Little Stars.
3rd period
0:01 of 3rd period - Dana Tyrell wins face-off versus Lars Eller in neutral zone.
0:16 of 3rd period - Snap shot by Nick Spaling.
0:16 of 3rd period - Stopped by Peter Delmas without a rebound.
0:17 of 3rd period - Marek Zagrapan wins face-off versus Brian Flynn in Little Stars zone.
0:22 of 3rd period - Wrist shot by Jiri Sekac.
0:22 of 3rd period - Deflect By Marek Zagrapan.
0:22 of 3rd period - Shot Misses the Net.
0:22 of 3rd period - Puck is out of play.
0:23 of 3rd period - Brian Flynn wins face-off versus Marek Zagrapan in Little Stars zone.
1:12 of 3rd period - Off-side.
1:13 of 3rd period - Corey Trivino wins face-off versus Mathieu Perreault in neutral zone.
1:54 of 3rd period - Wrist shot by Scott Kosmachuck.
1:54 of 3rd period - Goal by Scott Kosmachuck - Staline : 3 - Little Stars : 3.
1:55 of 3rd period - Brian Flynn wins face-off versus Lars Eller in neutral zone.
2:22 of 3rd period - Alex Petrovic is hit by Zach Budish and loses puck.
2:43 of 3rd period - Wrist shot by Mathieu Perreault.
2:43 of 3rd period - Shot Blocked by Viktor Loov.
2:45 of 3rd period - Slapshot by Mathieu Perreault.
2:45 of 3rd period - Stopped by Joni Ortio with a rebound.
3:25 of 3rd period - Slapshot by Tyson Barrie.
3:25 of 3rd period - Deflect By Nick Spaling.
3:25 of 3rd period - Stopped by Joni Ortio with a rebound.
3:27 of 3rd period - Snap shot by Cam Atkinson.
3:27 of 3rd period - Shot Misses the Net.
3:50 of 3rd period - Snap shot by Jordan Szwarz.
3:50 of 3rd period - Stopped by Peter Delmas with a rebound.
4:12 of 3rd period - Snap shot by Philip Larsen.
4:12 of 3rd period - Shot Blocked by Tyler Wotherspoon.
4:16 of 3rd period - Snap shot by Corey Trivino.
4:16 of 3rd period - Shot Blocked by Alexander Vasyunov.
4:22 of 3rd period - Minor Penalty to Scott Kosmachuck for Boarding.
4:23 of 3rd period - Shawn Matthias wins face-off versus Jason Akeson in Little Stars zone.
4:39 of 3rd period - Minor Penalty to Lars Eller for Hooking.
4:40 of 3rd period - Nick Spaling wins face-off versus Shawn Matthias in Staline zone.
4:55 of 3rd period - Snap shot by Cam Atkinson.
4:55 of 3rd period - Stopped by Joni Ortio without a rebound.
4:56 of 3rd period - Nick Spaling wins face-off versus Shawn Matthias in Staline zone.
5:03 of 3rd period - Snap shot by Philip Larsen.
5:03 of 3rd period - Stopped by Peter Delmas with a rebound.
5:05 of 3rd period - Snap shot by Nick Spaling.
5:05 of 3rd period - Goal by Nick Spaling - Staline : 4 - Little Stars : 3.
5:06 of 3rd period - Shawn Matthias wins face-off versus Nick Spaling in neutral zone.
5:15 of 3rd period - Slapshot by Jason Akeson.
5:15 of 3rd period - Goal by Jason Akeson - Staline : 5 - Little Stars : 3.
5:15 of 3rd period - Anthony Stolarz enters game.
5:16 of 3rd period - Shawn Matthias wins face-off versus Nick Spaling in neutral zone.
5:44 of 3rd period - Philip Larsen is hit by Tucker Poolman and loses puck.
5:56 of 3rd period - Wrist shot by Tyler Pitlick.
5:56 of 3rd period - Shot Misses the Net.
5:58 of 3rd period - Slapshot by Philip Larsen.
5:58 of 3rd period - Shot Blocked by Jordie Benn.
6:00 of 3rd period - Slapshot by Philip Larsen.
6:00 of 3rd period - Deflect By Dana Tyrell.
6:00 of 3rd period - Stopped by Anthony Stolarz with a rebound.
6:02 of 3rd period - Slapshot by Philip Larsen.
6:02 of 3rd period - Stopped by Anthony Stolarz with a rebound.
6:22 of 3rd period - Penalty to Scott Kosmachuck is over, Scott Kosmachuck is back on ice.
6:23 of 3rd period - Off-side.
6:24 of 3rd period - Sergey Tolchinsky wins face-off versus Dana Tyrell in neutral zone.
6:27 of 3rd period - Slapshot by Alex Petrovic.
6:27 of 3rd period - Deflect By Sergey Tolchinsky.
6:27 of 3rd period - Stopped by Anthony Stolarz without a rebound.
6:28 of 3rd period - Dana Tyrell wins face-off versus Sergey Tolchinsky in Little Stars zone.
6:39 of 3rd period - Penalty to Lars Eller is over, Lars Eller is back on ice.
6:39 of 3rd period - Slapshot by Dana Tyrell.
6:39 of 3rd period - Deflect By Viktor Loov.
6:39 of 3rd period - Shot Hit the Post.
6:39 of 3rd period - Puck is out of play.
6:40 of 3rd period - Brian Flynn wins face-off versus Lars Eller in Staline zone.
7:34 of 3rd period - Snap shot by Scott Kosmachuck.
7:34 of 3rd period - Shot Misses the Net.
7:46 of 3rd period - Icing by Charles Hudon.
7:47 of 3rd period - Daniel O'regan wins face-off versus Peter Holland in Staline zone.
7:54 of 3rd period - Snap shot by Peter Holland.
7:54 of 3rd period - Stopped by Anthony Stolarz without a rebound.
7:55 of 3rd period - Brian Flynn wins face-off versus Lars Eller in Little Stars zone.
8:06 of 3rd period - Wrist shot by Brian Flynn.
8:06 of 3rd period - Shot Misses the Net.
8:26 of 3rd period - Wrist shot by Marek Zagrapan.
8:26 of 3rd period - Shot Misses the Net.
8:44 of 3rd period - Snap shot by Cam Atkinson.
8:44 of 3rd period - Goal by Cam Atkinson - Staline : 5 - Little Stars : 4.
8:45 of 3rd period - Lars Eller wins face-off versus Dana Tyrell in neutral zone.
8:48 of 3rd period - Tyson Barrie is hit by Cameron Gaunce.
9:01 of 3rd period - Minor Penalty to Jason Akeson for Holding.
9:02 of 3rd period - Brian Flynn wins face-off versus Nick Spaling in Staline zone.
9:04 of 3rd period - Slapshot by Cam Atkinson.
9:04 of 3rd period - Shot Misses the Net.
9:16 of 3rd period - Slapshot by Tyson Barrie.
9:16 of 3rd period - Goal by Tyson Barrie - Staline : 5 - Little Stars : 5.
9:17 of 3rd period - Lars Eller wins face-off versus Brian Flynn in neutral zone.
9:20 of 3rd period - Cam Atkinson is hit by Jason Akeson.
9:24 of 3rd period - Wrist shot by Shawn Matthias.
9:24 of 3rd period - Shot Misses the Net.
9:26 of 3rd period - Wrist shot by Cam Atkinson.
9:26 of 3rd period - Stopped by Joni Ortio without a rebound.
9:27 of 3rd period - Cam Atkinson wins face-off versus Lars Eller in Staline zone.
9:32 of 3rd period - Slapshot by Cam Atkinson.
9:32 of 3rd period - Stopped by Joni Ortio with a rebound.
9:34 of 3rd period - Snap shot by Cam Atkinson.
9:34 of 3rd period - Shot Misses the Net.
9:36 of 3rd period - Slapshot by Tucker Poolman.
9:36 of 3rd period - Shot Misses the Net.
9:38 of 3rd period - Wrist shot by Shawn Matthias.
9:38 of 3rd period - Stopped by Joni Ortio without a rebound.
9:39 of 3rd period - Brian Flynn wins face-off versus Lars Eller in Staline zone.
10:00 of 3rd period - Minor Penalty to Philip Larsen for Hooking.
10:01 of 3rd period - Brian Flynn wins face-off versus Nick Spaling in Staline zone.
10:31 of 3rd period - Off-side.
10:32 of 3rd period - Dana Tyrell wins face-off versus Lars Eller in neutral zone.
10:37 of 3rd period - Slapshot by Jesse Joensuu.
10:37 of 3rd period - Shot Blocked by Cameron Gaunce.
10:39 of 3rd period - Snap shot by Dana Tyrell.
10:39 of 3rd period - Stopped by Joni Ortio without a rebound.
10:40 of 3rd period - Brian Flynn wins face-off versus Nick Spaling in Staline zone.
11:59 of 3rd period - Cam Atkinson is hit by Viktor Loov and loses puck.
12:00 of 3rd period - Penalty to Philip Larsen is over, Philip Larsen is back on ice.
13:49 of 3rd period - Icing by Jiri Sekac.
13:50 of 3rd period - Marek Zagrapan wins face-off versus Dana Tyrell in Staline zone.
13:50 of 3rd period - Marek Zagrapan is hit by Dana Tyrell.
14:01 of 3rd period - Minor Penalty to Tucker Poolman for Hooking.
14:02 of 3rd period - Shawn Matthias wins face-off versus Lars Eller in Little Stars zone.
14:34 of 3rd period - Slapshot by Cameron Gaunce.
14:34 of 3rd period - Deflect By Tyler Pitlick.
14:34 of 3rd period - Shot Blocked by Brian Flynn.
14:34 of 3rd period - Puck is out of play.
14:35 of 3rd period - Lars Eller wins face-off versus Dana Tyrell in Little Stars zone.
14:36 of 3rd period - Snap shot by Jason Akeson.
14:36 of 3rd period - Shot Misses the Net.
14:38 of 3rd period - Wrist shot by Lars Eller.
14:38 of 3rd period - Shot Misses the Net.
14:40 of 3rd period - Slapshot by Viktor Loov.
14:40 of 3rd period - Shot Blocked by Jordie Benn.
14:42 of 3rd period - Slapshot by Nick Spaling.
14:42 of 3rd period - Staline goal is going for a video replay.
14:42 of 3rd period - The goal is refused. The net was displaced accidentally..
14:43 of 3rd period - Shawn Matthias wins face-off versus Lars Eller in Little Stars zone.
14:54 of 3rd period - Snap shot by Nick Spaling.
14:54 of 3rd period - Shot Misses the Net.
14:56 of 3rd period - Slapshot by Alex Petrovic.
14:56 of 3rd period - Deflect By Lars Eller.
14:56 of 3rd period - Stopped by Anthony Stolarz without a rebound.
14:57 of 3rd period - Lars Eller wins face-off versus Shawn Matthias in Little Stars zone.
15:02 of 3rd period - Slapshot by Cameron Gaunce.
15:02 of 3rd period - Deflect By Cam Atkinson.
15:02 of 3rd period - Stopped by Anthony Stolarz with a rebound.
15:04 of 3rd period - Slapshot by Nick Spaling.
15:04 of 3rd period - Stopped by Anthony Stolarz without a rebound.
15:05 of 3rd period - Shawn Matthias wins face-off versus Lars Eller in Little Stars zone.
15:18 of 3rd period - Slapshot by Cameron Gaunce.
15:18 of 3rd period - Stopped by Anthony Stolarz with a rebound.
15:20 of 3rd period - Slapshot by Cameron Gaunce.
15:20 of 3rd period - Shot Blocked by Cam Atkinson.
15:36 of 3rd period - Slapshot by Cameron Gaunce.
15:36 of 3rd period - Shot Blocked by Jordie Benn.
15:38 of 3rd period - Slapshot by Tyler Pitlick.
15:38 of 3rd period - Stopped by Anthony Stolarz without a rebound.
15:39 of 3rd period - Lars Eller wins face-off versus Brian Flynn in Little Stars zone.
15:40 of 3rd period - Wrist shot by Jason Akeson.
15:40 of 3rd period - Shot Misses the Net.
15:42 of 3rd period - Slapshot by Alex Petrovic.
15:42 of 3rd period - Shot Misses the Net.
15:44 of 3rd period - Snap shot by Nick Spaling.
15:44 of 3rd period - Shot Misses the Net.
15:46 of 3rd period - Wrist shot by Lars Eller.
15:46 of 3rd period - Stopped by Anthony Stolarz with a rebound.
15:48 of 3rd period - Snap shot by Nick Spaling.
15:48 of 3rd period - Stopped by Anthony Stolarz with a rebound.
15:50 of 3rd period - Slapshot by Jason Akeson.
15:50 of 3rd period - Deflect By Lars Eller.
15:50 of 3rd period - Stopped by Anthony Stolarz with a rebound.
15:52 of 3rd period - Slapshot by Lars Eller.
15:52 of 3rd period - Shot Misses the Net.
15:54 of 3rd period - Slapshot by Jason Akeson.
15:54 of 3rd period - Shot Misses the Net.
16:01 of 3rd period - Penalty to Tucker Poolman is over, Tucker Poolman is back on ice.
16:04 of 3rd period - Shawn Matthias is hit by Alex Petrovic and loses puck.
16:11 of 3rd period - Slapshot by Corey Trivino.
16:11 of 3rd period - Stopped by Anthony Stolarz without a rebound.
16:12 of 3rd period - Mathieu Perreault wins face-off versus Marek Zagrapan in Little Stars zone.
16:28 of 3rd period - Slapshot by Mathieu Perreault.
16:28 of 3rd period - Stopped by Joni Ortio without a rebound.
16:29 of 3rd period - Shawn Matthias wins face-off versus Lars Eller in Staline zone.
16:45 of 3rd period - Minor Penalty to Tucker Poolman for Hooking.
16:46 of 3rd period - Shawn Matthias wins face-off versus Lars Eller in Little Stars zone.
16:55 of 3rd period - Snap shot by Cameron Gaunce.
16:55 of 3rd period - Deflect By Jason Akeson.
16:55 of 3rd period - Shot Blocked by Tyson Barrie.
16:55 of 3rd period - Puck is out of play.
16:56 of 3rd period - Shawn Matthias wins face-off versus Lars Eller in Little Stars zone.
17:07 of 3rd period - Slapshot by Philip Larsen.
17:07 of 3rd period - Shot Misses the Net.
17:09 of 3rd period - Slapshot by Cameron Gaunce.
17:09 of 3rd period - Stopped by Anthony Stolarz with a rebound.
17:11 of 3rd period - Slapshot by Philip Larsen.
17:11 of 3rd period - Stopped by Anthony Stolarz without a rebound.
17:12 of 3rd period - Jason Akeson wins face-off versus Shawn Matthias in Little Stars zone.
17:15 of 3rd period - Slapshot by Jason Akeson.
17:15 of 3rd period - Goal by Jason Akeson - Staline : 6 - Little Stars : 5.
17:16 of 3rd period - Marek Zagrapan wins face-off versus Mathieu Perreault in neutral zone.
17:43 of 3rd period - Cameron Gaunce is hit by Justin Auger and loses puck.
18:03 of 3rd period - Off-side.
18:04 of 3rd period - Brian Flynn wins face-off versus Lars Eller in neutral zone.
18:15 of 3rd period - Wrist shot by Lars Eller.
18:15 of 3rd period - Shot Blocked by Cam Atkinson.
18:17 of 3rd period - Snap shot by Alex Petrovic.
18:17 of 3rd period - Shot Blocked by Shawn Matthias.
19:02 of 3rd period - Little Stars, Anthony Stolarz is pulled from the net.
19:13 of 3rd period - Minor Penalty to Andrey Pedan for High sticking.
19:14 of 3rd period - Nick Spaling wins face-off versus Jesse Joensuu in Staline zone.
19:45 of 3rd period - Cameron Gaunce is hit by Cam Atkinson and loses puck.
19:59 of 3rd period - Icing by Dana Tyrell.
Goals for this period are 3 for Staline vs 3 for Little Stars.
Shots for this period are 22 for Staline vs 11 for Little Stars.
Back to the Top